AoeStats
← Barnico

Arabia

505923241Analyzed
2v2 RM · 22d ago on Sep 11, 2026· 19m 0s· 4 players
Game mode
Random Map
Map size
Medium (4 player)
Population
200
Speed
Normal
Resources
Standard
Victory
Conquest
Starting age
Dark Age
Ending age
Imperial Age
RankedLock teamsTeams togetherTeam positionsShared explorationLock speedFull tech treeHidden civsTurbo modeCheats
Victory
Defeat
🇫🇮 Saracens · Finland
1058
+41
🇨🇦 Ethiopians · Canada
1020
+17
🇦🇷 Khmer · Argentina
1108
-19
🇻🇳 Spanish · Vietnam
966
-13
Ciril
9:56 Feudal Age
9:06 Loom
10:43 Double-Bit Axe
13:39 Castle Age
11:31 Gold Mining
14:30 Bow Saw
Barnico
3:48 Loom
11:32 Feudal Age
20:23 Castle Age
PidoVAR
6:35 Loom
10:10 Feudal Age
11:03 Double-Bit Axe
18:07 Castle Age
hoasex12345
Connection lost

Rejoining the realm…

Still unreachable

The connection could not be restored.

Session expired

The server has moved on; the page needs a fresh start.